 Dungeon Crawl Stone Soup version 0.20-a0-1020-g7b9e4fe (webtiles) character file.

106 Krakonus1 the Insei (level 4, -1/28 HPs)
             Began as an Octopode Transmuter on Apr 18, 2017.
             Slain by Crazy Yiuf
             ... wielding a +2 quarterstaff of chaos
              (9 damage)
             ... on level 2 of the Dungeon.
             The game lasted 00:12:42 (2675 turns).

Krakonus1 the Insei (Octopode Transmuter)           Turns: 2675, Time: 00:12:45

Health: -1/28      AC:  1    Str: 10    XL:     4   Next: 84%
Magic:  8/8        EV: 13    Int: 15    God:
Gold:   93         SH:  0    Dex: 12    Spells: 3/9 levels left

rFire    . . .     SeeInvis .     - Unarmed
rCold    . . .     Gourm    .   (no shield)
rNeg     . . .     Faith    .   (helmet restricted)
rPois    .         Spirit   .   (no amulet)
rElec    .         Reflect  .   (no ring)
rCorr    .         Harm     .   (no ring)
MR       .....                  (no ring)
Stlth    ++........             (no ring)
Regen    0.1/turn               (no ring)
MPRegen  0.2/turn               (no ring)
                                (no ring)
                                (no ring)

@: appendage (expiring)
A: almost no armour, stealthy swim, amphibious, 8 rings, constrict 8, tentacle
spike 3, camouflage 1, gelatinous body 1
a: End Transformation


You were on level 2 of the Dungeon.
You were not hungry.
One of your tentacles had a temporary spike.
You visited 1 branch of the dungeon, and saw 2 of its levels.

You collected 93 gold pieces.

Inventory:

Missiles
 a - 10 arrows
 d - 103 stones (quivered)
Scrolls
 h - a scroll of blinking {unknown}
 k - 2 scrolls of identify
 o - a scroll of magic mapping {unknown}
 q - a scroll of amnesia {unknown}
Potions
 e - a potion of curing {unknown}
 f - a potion of ambrosia {unknown}
 g - a potion of invisibility {unknown}
 i - a potion of cancellation
 j - a potion of agility {unknown}
 m - a potion of magic {unknown}
 n - a potion of brilliance {unknown}
Books
 b - a book of Changes

   Spells                             Type                      Level
   a - Beastly Appendage              Transmutation                1
   b - Sticks to Snakes               Transmutation                2
   c - Spider Form                    Transmutation/Poison         3
   d - Ice Form                       Ice/Transmutation            4
   e - Blade Hands                    Transmutation                5
Comestibles
 c - 3 bread rations
 l - 3 chunks of flesh
 p - a royal jelly
 r - a fruit


   Skills:
 * Level 1.6 Fighting
 * Level 2.3 Dodging
 + Level 4.0 Unarmed Combat
 + Level 3.0 Spellcasting
 * Level 2.4 Transmutations
 * Level 0.2 Poison Magic


You had 3 spell levels left.
You knew the following spells:

 Your Spells              Type           Power        Failure   Level  Hunger
a - Beastly Appendage     Tmut           #.....       10%         1    #......
b - Sticks to Snakes      Tmut           #.......     12%         2    ##.....
c - Spider Form           Tmut/Pois      #.........   34%         3    ###....


Dungeon Overview and Level Annotations

Branches:
Dungeon (2/15)

Altars:
Fedhas
Kikubaaqudgha

Annotations:
D:2 Crazy Yiuf


Innate Abilities, Weirdness & Mutations

You cannot wear most types of armour.
You are very stealthy in the water. (Stealth+)
You are amphibious.
You can wear up to eight rings at the same time.
You can use your tentacles to constrict eight enemies at once.
Your skin changes colour to match your surroundings (Stealth+).
Your rubbery body absorbs attacks. (AC +1, EV +1)
One of your tentacles bears a large vicious spike.


Message History

You grab Crazy Yiuf.
Crazy Yiuf is moderately wounded.
You constrict Crazy Yiuf, but do no damage.
Crazy Yiuf closely misses you.
You tentacle-slap Crazy Yiuf but do no damage.
You squeeze Crazy Yiuf.
Crazy Yiuf is severely wounded.
You constrict Crazy Yiuf, but do no damage.
Crazy Yiuf hits you with a quarterstaff of chaos.
Crazy Yiuf freezes you.
* * * LOW HITPOINT WARNING * * *
Okay, then.
Okay, then.
You tentacle-slap Crazy Yiuf but do no damage.
You pierce Crazy Yiuf, but do no damage.
Crazy Yiuf is severely wounded.
You constrict Crazy Yiuf.
Crazy Yiuf says, "Earwax sow head!"
Crazy Yiuf hits you with a quarterstaff of chaos!
You die...

..## ##.#.##.#
#.........#..
.## #.#.##.#
##..######.##.
## #.#.##.#
#......# #.###
#.######
###.##.# #.# #
# ### #....#
#.# # ## #####
#.##.###.###
.## #..)#
#.##.##.....
..##########
#.g.#
#........#..
...........#
#.@.#
####.##.###.
#.##.#######
##'##
#..)#.####
#.##.# ♣♣.♣
#.........
..##># ♣.♣♣
#...#.####
.....# ♣♣.♣
#####.....
###### ♣.♣♣
###### # ♣♣.♣♣
# # ♣...♣♣ # #
♣....♣ #


You could see Crazy Yiuf.

Vanquished Creatures
  4 adders (D:2)
  3 oozes
  A worm (D:2)
  A dart slug (D:1)
  5 giant cockroaches
  5 goblins
  8 hobgoblins
  5 jackals (D:2)
  2 bats
  3 frilled lizards (D:1)
  3 kobolds
  11 rats
  2 fungi (D:2)
  2 withered plants (D:2)
55 creatures vanquished.

Vanquished Creatures (collateral kills)
  2 jackals (D:2)
  A quokka (D:2)
3 creatures vanquished.

Grand Total: 58 creatures vanquished

Notes
Turn   | Place    | Note
-------+----------+-------------------------------------------
     0 | D:1      | Krakonus1 the Octopode Transmuter began the quest for the Orb.
     0 | D:1      | Reached XP level 1. HP: 13/13 MP: 3/3
   223 | D:1      | Reached XP level 2. HP: 17/18 MP: 3/5
   759 | D:1      | Reached XP level 3. HP: 20/23 MP: 4/6
  1068 | D:2      | Learned a level 2 spell: Sticks to Snakes
  1100 | D:2      | Learned a level 3 spell: Spider Form
  1391 | D:2      | Found a runed door.
  1425 | D:2      | Reached XP level 4. HP: 19/28 MP: 6/8
  2109 | D:2      | Found a blossoming altar of Fedhas.
  2109 | D:2      | Found an ancient bone altar of Kikubaaqudgha.
  2390 | D:2      | Reached skill level 4 in Unarmed Combat
  2655 | D:2      | Noticed Crazy Yiuf
  2675 | D:2      | Slain by Crazy Yiuf

Vault maps used:
D:1:      doesnt_arrival_goblin_jail, corexii_item_surrounded_by_moat,
          st_stairs_1
D:2:      grunt_temple_overflow_growth_and_decay, uniq_crazy_yiuf_cottage

Skill      XL: |  1  2  3  4 |
---------------+-------------+-----
Unarmed Combat | 4 |  4.0
Spellcasting   | 3 |  3.0
Fighting       | |  1.6
Dodging        | |  2.3
Transmutations | |  2.4
Poison Magic   | |  0.2

Action                   |  1- 3 |  4- 6 || total
-------------------------+-------+-------++-------
Melee: Unarmed           |    80 |    84 ||   164
       Kick              |    21 |    17 ||    38
       Tentacles         |    13 |    17 ||    30
       Constrict         |    19 |    18 ||    37
       Punch             |     2 |     2 ||     4
 Cast: Beastly Appendage |    21 |    14 ||    35
       Sticks to Snakes  |       |     2 ||     2
  Use: Scroll            |     3 |       ||     3
 Stab: Sleeping          |     4 |     2 ||     6
  Eat: Chunk             |     2 |     4 ||     6
Armor: Skin              |     7 |     2 ||     9
Dodge: Dodged            |    41 |    25 ||    66
